 Dungeon Crawl Stone Soup version 0.31.0-12-g77e489cdc1 (webtiles) character file.

Game seed: 11522198474067918852

1411 hawla the Nimble (level 8, 0/96 HPs)
             Began as a Minotaur Fighter on Feb 19, 2024.
             Was an Initiate of Yredelemnul.
             Incinerated by a bombardier beetle (4 damage)
             ... with a burning spray
             ... on level 6 of the Dungeon.
             The game lasted 00:07:03 (4368 turns).

hawla the Nimble (Minotaur Fighter)                 Turns: 4368, Time: 00:07:05

Health: 0/96       AC: 20    Str: 19 (21) XL:     8   Next: 43%
Magic:  7/7        EV:  2    Int:  4 (5)  God:    Yredelemnul [......]
Gold:   196        SH:  5    Dex: 11 (12) Spells: 7/7 levels left

rFire   . . .        a - +1 long sword
rCold   . . .        c - +0 buckler
rNeg    . . .        e - melded +0 plate armour
rPois   +            (helmet currently unavailable)
rElec   .            (cloak currently unavailable)
rCorr   .            (gloves currently unavailable)
SInv    .            g - melded +0 pair of boots
Will    +....        (no amulet)
Stlth   +            (no ring)
HPRegen 0.36/turn    (no ring)
MPRegen 0.10/turn

%: no passive effects
@: on fire, tree-form, corroded, attractive, enlightened, glowing
A: stationary, stasis, torment immunity, boosted hp, (horns 2), (retaliatory
headbutt)
a: Renounce Religion, Recall Undead Harvest


You were on level 6 of the Dungeon.
You worshipped Yredelemnul.
Yredelemnul was noncommittal.
You were a tree.
You visited 2 branches of the dungeon, and saw 7 of its levels.

You collected 196 gold pieces.

Inventory:

Hand Weapons
 a - a +1 long sword (weapon)
Missiles
 n - 4 curare-tipped darts (quivered)
 q - 7 poisoned darts
Armour
 c - a +0 buckler (worn)
 e - a +0 plate armour (melded)
 g - a +0 pair of boots (melded)
Wands
 t - a wand of paralysis (3)
Scrolls
 f - a scroll of fog
 i - a scroll of immolation
 o - 2 scrolls of revelation
 p - a scroll of fear
Potions
 d - 2 potions of might
 h - 2 potions of attraction
 j - a potion of enlightenment
 k - a potion of brilliance {unknown}
 l - 3 potions of lignification
 m - a potion of heal wounds {unknown}
 r - a potion of berserk rage {unknown}
 s - a potion of cancellation {unknown}
 u - a potion of ambrosia {unknown}
 w - a potion of mutation {unknown}


   Skills:
 - Level 3.6 Fighting
 - Level 2.4 Long Blades
 - Level 6.0 Throwing
 - Level 3.6 Armour
 - Level 8.0 Dodging
 - Level 5.0 Shields
 + Level 2.3 Evocations


You had 7 spell levels left.
You didn't know any spells.
Your spell library was empty.

Dungeon Overview and Level Annotations

Branches:
Dungeon (6/15)             Temple (1/1) D:5

Altars:
Ashenzari
Dithmenos
Gozag
Kikubaaqudgha
Nemelex Xobeh
Okawaru
Qazlal
Ru
Trog
Vehumet
Wu Jian
Xom
Yredelemnul
The Shining One

Shops:
D:5 *


Innate Abilities, Weirdness & Mutations

You are a tree.
Your roots penetrate the ground, keeping you stationary.
You cannot be teleported.
You are immune to unholy pain and torment.
Your maximum health is greatly increased.
Your equipment is partially melded.
((You have a pair of horns on your head.))
((You reflexively headbutt those who attack you in melee.))


Message History

You hit the scorpion but do no damage. Your headbutt misses the scorpion.
The liquid fire burns you!
The scorpion stings you but does no damage.
Your kobold brigand zombie hits the scorpion but does no damage.
The scorpion stings you but does no damage.
You hit the scorpion.
The scorpion is lightly wounded.
The liquid fire burns you!
* * * LOW HITPOINT WARNING * * *
The scorpion stings you.
* * * LOW HITPOINT WARNING * * *
Your kobold brigand zombie misses the scorpion.
It was a potion of degeneration.
There was something very wrong with that liquid.
You feel weakened.
You feel dopey.
You feel clumsy. The liquid fire burns you!
* * * LOW HITPOINT WARNING * * *
The scorpion stings you but does no damage.
Your kobold brigand zombie hits the scorpion.
The scorpion stings you.
* * * LOW HITPOINT WARNING * * *
It was a potion of attraction.
You feel attractive to monsters. The liquid fire burns you!
* * * LOW HITPOINT WARNING * * *
The scorpion barely misses you.
Your kobold brigand zombie closely misses the scorpion.
It was a potion of enlightenment.
You feel very buoyant.
You fly up into the air.
The liquid fire burns you!
* * * LOW HITPOINT WARNING * * *
The scorpion stings you but does no damage.
Your kobold brigand zombie completely misses the scorpion.
It was a potion of lignification.
You turn into a tree.
Your +0 pair of boots melds into your body.
Your +0 plate armour melds into your body.
Your roots penetrate the ground.
The liquid fire burns you!
You die...
Your body rises from the dead as a mindless zombie.

### ####
...# ..#
....#
##Z#.....#
#.♣s......
#.##.....#
#.# ....#
#.# ...# #.#
..# #.####
## ...#
#....# ....#
#....#
....#.#....#


You could see a scorpion (ally target) and a friendly kobold brigand zombie.

Vanquished Creatures
  Pikel (D:4)
  Eustachio (D:5)
  A black bear (D:5)
  A kobold brigand (D:6)
  Blork the orc (D:4)
  4 scorpions
  A bombardier beetle (D:6)
  A jelly (D:6)
  A hound (D:4)
  A sleepcap (D:5)
  Jessica (D:3)
  3 orc wizards (D:5)
  Robin (D:2)
  3 adders
  A dart slug (D:1)
  A ribbon worm (D:4)
  5 orcs
  7 endoplasms
  4 giant cockroaches
  14 goblins
  9 hobgoblins
  10 kobolds
  5 quokkas
  4 ball pythons
  11 bats
  2 frilled lizards (D:2)
  7 rats
101 creatures vanquished.

Vanquished Creatures (others)
  An adder zombie (D:6)
  2 kobold zombies (D:6)
3 creatures vanquished.

Grand Total: 104 creatures vanquished

Notes
Turn   | Place    | Note
-------+----------+-------------------------------------------
     0 | D:1      | hawla the Minotaur Fighter began the quest for the Orb.
     0 | D:1      | Reached XP level 1. HP: 19/19 MP: 0/0
   191 | D:1      | Reached XP level 2. HP: 26/26 MP: 1/1
   477 | D:1      | Reached skill level 5 in Shields
   648 | D:1      | Reached XP level 3. HP: 31/31 MP: 2/2
   762 | D:2      | Reached skill level 1 in Dodging
   782 | D:2      | Found a faded altar of an unknown god.
   905 | D:2      | Noticed Robin
  1099 | D:2      | Reached skill level 2 in Dodging
  1116 | D:2      | Killed Robin
  1168 | D:2      | Reached XP level 4. HP: 39/39 MP: 3/3
  1440 | D:3      | Reached skill level 3 in Dodging
  1511 | D:3      | Noticed Jessica
  1518 | D:3      | Killed Jessica
  2358 | D:4      | Reached skill level 4 in Dodging
  2358 | D:4      | Reached XP level 5. HP: 45/45 MP: 4/4
  2553 | D:4      | Reached skill level 5 in Dodging
  2621 | D:4      | Noticed Blork the orc
  2635 | D:4      | Killed Blork the orc
  2636 | D:4      | Reached XP level 6. HP: 47/51 MP: 5/5
  2812 | D:4      | Noticed Pikel
  2825 | D:4      | Killed Pikel
  2826 | D:4      | Reached skill level 8 in Dodging
  2826 | D:4      | Reached XP level 7. HP: 41/57 MP: 6/6
  3123 | D:5      | Entered Level 5 of the Dungeon
  3123 | D:5      | Found Hiolor's Neck Hole.
  3342 | D:5      | Identified the +4 mace "Ockeapt" {heavy, Fly rN+ Dex-4}
  3379 | D:5      | Found a broken altar of Ashenzari.
  3505 | D:5      | Found a sacrificial altar of Ru.
  3534 | D:5      | Reached XP level 8. HP: 58/64 MP: 7/7
  3804 | D:5      | Reached skill level 5 in Throwing
  3870 | D:5      | Found a staircase to the Ecumenical Temple.
  3876 | D:5      | Noticed Eustachio
  3881 | Temple   | Entered the Ecumenical Temple
  3903 | Temple   | Became a worshipper of Yredelemnul the Dark
  3941 | D:5      | Killed Eustachio
  4291 | D:6      | Reached * piety under Yredelemnul
  4291 | D:6      | Reached skill level 1 in Evocations
  4367 | D:6      | HP: 2/64 [burnt (5)]
  4368 | D:6      | Incinerated by a bombardier beetle

Illustrated notes

Levels and vault maps discovered:
D:1:      dpeg_arrival_shelter, layout_basic
D:2:      layout_basic, hellmonk_ecumenical_altar_lost_god, minmay_pentomino_r2,
          uniq_robin
D:3:      layout_basic, serial_glass, glass_columns_a, glass_columns_b,
          glass_columns_a, glass_columns_a, glass_columns_b, glass_columns_b,
          roderic_batcave, uniq_jessica
D:4:      layout_loops_ring, kennysheep_path_1, minmay_hedge_maze,
          minmay_misc_feat_rugged, uniq_blork_the_orc, uniq_pikel
D:5:      layout_cave_pods, evilmike_ruin_ashenzari,
          nicolae_ru_the_path_less_chosen, minmay_temple_entry_junction_2,
          nicolae_shop_sticking_my_neck_out, uniq_eustachio
D:6:      layout_basic, zin_treasury, uniq_sigmund, uniq_maggie
Temple:   minmay_temple_bridge_abc

Skill      XL: |  1  2  3  4  5  6  7  8 |
---------------+-------------------------+-----
Shields        | 4 5 |  5.0
Dodging        | 2 4 5 8 |  8.0
Throwing       | 2 4 6 |  6.0
Evocations     | 2 |  2.3
Fighting       | |  3.6
Long Blades    | |  2.4
Armour         | |  3.6

Action                     |  1- 3 |  4- 6 |  7- 9 || total
---------------------------+-------+-------+-------++-------
  Melee: Long sword        |   110 |    93 |   101 ||   304
         Headbutt          |    18 |    15 |    19 ||    52
  Evoke: Wand              |       |       |     2 ||     2
    Use: Scroll            |     2 |     3 |     2 ||     7
         Potion            |       |       |     4 ||     4
   Stab: Paralysed         |       |       |     2 ||     2
 Armour: Plate armour      |   115 |    70 |   110 ||   295
         Scale mail        |     7 |       |       ||     7
  Dodge: Dodged            |    33 |    34 |    45 ||   112
  Block: Buckler           |    26 |    28 |    27 ||    81
